 Dungeon Crawl Stone Soup version 0.24-a0-280-g7cec4da (webtiles) character file.

Game seed: 9316629931747114114

295 silenth the Grave Robber (level 6, -1/42 HPs)
             Began as a Mummy Necromancer on May 9, 2019.
             Slain by a crocodile (16 damage)
             ... on level 3 of the Dungeon.
             The game lasted 00:04:33 (2559 turns).

silenth the Grave Robber (Mummy Necromancer)        Turns: 2559, Time: 00:04:33

Health: -1/42      AC:  4    Str: 11    XL:     6   Next: 11%
Magic:  5/13       EV: 12    Int: 16    God:
Gold:   103        SH:  0    Dex: 16    Spells: 9/14 levels left

rFire    x . .     SeeInvis .   a - +0 dagger (pain)
rCold    + . .     Gourm    .   (no shield)
rNeg     + + +     Faith    .   i - +0 robe
rPois    ∞         Spirit   .   j - +0 helmet
rElec    .         Reflect  .   h - +0 cloak
rCorr    .         Harm     .   (no gloves)
MR       .....                  (no boots)
Stlth    +++.......             (no amulet)
HPRegen  0.14/turn              k - +3 ring of dexterity
MPRegen  0.13/turn              m - ring of stealth

@: no status effects
A: no food or potions, fire vulnerability, cold resistance 1, negative energy
resistance 3, torment resistance, unbreathing
a: no special abilities


You were on level 3 of the Dungeon.
You were not hungry.

You visited 1 branch of the dungeon, and saw 3 of its levels.

You collected 103 gold pieces.

Inventory:

Hand Weapons
 a - a +0 dagger of pain (weapon)
 b - a +7 short sword
Armour
 h - a +0 cloak (worn)
 i - a +0 robe (worn)
 j - a +0 helmet (worn)
 l - a +0 shield
Jewellery
 k - a +3 ring of dexterity (left hand)
 m - a ring of stealth (right hand)
Scrolls
 c - a scroll of random uselessness {unknown}
 d - 5 scrolls of enchant weapon {unknown}
 e - a scroll of remove curse {unknown}
 f - a scroll of immolation {unknown}
 g - a scroll of fog {unknown}
 n - a scroll of amnesia {unknown}


   Skills:
 + Level 0.3 Fighting
 - Level 1.5 Dodging
 - Level 1.5 Stealth
 + Level 4.9 Spellcasting
 * Level 6.4 Necromancy


You had 9 spell levels left.
You knew the following spells:

 Your Spells              Type           Power        Failure   Level  Hunger
a - Pain                  Necr           ###.         1%          1    N/A
b - Animate Skeleton      Necr           N/A          1%          1    N/A
c - Vampiric Draining     Necr           ###.......   3%          3    N/A

Your spell library contained the following spells:

 Spells                   Type           Power        Failure   Level  Hunger
 Animate Dead             Necr           N/A          11%         4    N/A
 Regeneration             Chrm/Necr      Unusable     N/A         3    N/A

Dungeon Overview and Level Annotations

Branches:
Dungeon (3/15)

Altars:
Dithmenos
Nemelex Xobeh
Okawaru
Qazlal
Zin


Innate Abilities, Weirdness & Mutations

You do not eat or drink.
Your flesh is vulnerable to fire.
You are immune to poison.
Your flesh is cold resistant. (rC+)
You are immune to negative energy. (rN+++)
You are immune to unholy pain and torment.
You can survive without breathing.


Message History

Confirm with . or Enter, or press ? or * to list all spells.
Aiming: Pain (safe; 1% risk of failure)
Press: ? - help, Shift-Dir - straight line, f/p - crocodile
Aim: a crocodile (moderately wounded, chance to defeat MR: 83%)
The crocodile writhes in agony!
The crocodile bites you!
Casting: Pain (safe; 1% risk of failure)
Confirm with . or Enter, or press ? or * to list all spells.
Aiming: Pain (safe; 1% risk of failure)
Press: ? - help, Shift-Dir - straight line, f/p - crocodile
Aim: a crocodile (heavily wounded, chance to defeat MR: 83%)
The crocodile writhes in agony!
The crocodile bites you!
* * * LOW HITPOINT WARNING * * *
Casting: Pain (safe; 1% risk of failure)
Confirm with . or Enter, or press ? or * to list all spells.
Aiming: Vampiric Draining (safe; 3% risk of failure)
Press: ? - help, Shift-Dir - straight line, f/p - crocodile
Aim: a crocodile (severely wounded)
The crocodile is almost dead.
You feel life coursing into your body. The crocodile bites you!
You die...

##.....## #
#...▓...# ##
#..▓⚑▓..# )######
#...▓...# ......#
#.......#
......###.......##
.................#
...#.............#
...#...#........@#
.......#........t#
.>.#...#........⚑#
####...#.........#
# #.<)#.........#
#.(.#.........#
#####.........#
........#


You could see a crocodile.

Vanquished Creatures
  A bullfrog (D:2)
  Crazy Yiuf (D:2)
  Terence (D:2)
  A worker ant (D:2)
  Robin (D:2)
  6 adders
  A worm (D:2)
  5 leopard geckos
  5 orcs (D:3)
  A ball python (D:1)
  A giant cockroach (D:2)
  8 goblins
  15 hobgoblins
  8 jackals
  8 bats
  A frilled lizard (D:3)
  8 kobolds
  6 rats
78 creatures vanquished.

Vanquished Creatures (collateral kills)
  A dart slug (D:2)
  A goblin (D:2)
  A hobgoblin (D:2)
3 creatures vanquished.

Grand Total: 81 creatures vanquished

Notes
Turn   | Place    | Note
-------+----------+-------------------------------------------
     0 | D:1      | silenth the Mummy Necromancer began the quest for the Orb.
     0 | D:1      | Reached XP level 1. HP: 13/13 MP: 4/4
   183 | D:1      | Learned a level 1 spell: Animate Skeleton
   235 | D:1      | Reached skill level 3 in Spellcasting
   279 | D:1      | Reached XP level 2. HP: 19/19 MP: 3/6
   729 | D:1      | Reached XP level 3. HP: 20/24 MP: 5/7
   734 | D:1      | Learned a level 3 spell: Vampiric Draining
   813 | D:2      | Noticed a bullfrog
   825 | D:2      | Killed a bullfrog
   825 | D:2      | Reached skill level 4 in Spellcasting
   825 | D:2      | Reached skill level 5 in Necromancy
   825 | D:2      | Reached XP level 4. HP: 12/30 MP: 0/10
   976 | D:2      | Found a shadowy altar of Dithmenos.
  1090 | D:2      | Noticed Terence
  1100 | D:2      | Killed Terence
  1236 | D:2      | Found a runed translucent door.
  1237 | D:2      | Noticed Crazy Yiuf
  1247 | D:2      | Killed Crazy Yiuf
  1247 | D:2      | Reached XP level 5. HP: 6/35 MP: 4/11
  1495 | D:2      | Noticed Robin
  1543 | D:2      | Killed Robin
  1547 | D:2      | Reached skill level 6 in Necromancy
  2169 | D:3      | Reached XP level 6. HP: 39/41 MP: 4/13
  2328 | D:3      | Found a stormy altar of Qazlal.
  2386 | D:3      | Found a glowing silver altar of Zin.
  2538 | D:3      | Found an iron altar of Okawaru.
  2542 | D:3      | Found a sparkling altar of Nemelex Xobeh.
  2559 | D:3      | Slain by a crocodile

Levels and vault maps discovered:
D:1:      onia_arrival_mini_spirals, layout_basic, minmay_door_square
D:2:      layout_basic, nicolae_dithmenos_shadow_blocks, serial_bayou_pond_b,
          hangedman_abyss_or_decor_lesser_grid, uniq_robin, uniq_terence,
          uniq_crazy_yiuf_cottage
D:3:      layout_rooms, grunt_qazlal_clouds, lemuel_crystal_altar,
          overflow_temple_1_default, st_stairs_1, okawaru_metal_pillars_1_2

Skill      XL: |  1  2  3  4  5 |
---------------+----------------+-----
Spellcasting   | 3 4 |  4.9
Necromancy     | 5 6 |  6.4
Fighting       | |  0.3
Dodging        | |  1.5
Stealth        | |  1.5

Action                   |  1- 3 |  4- 6 || total
-------------------------+-------+-------++-------
Melee: Unarmed           |     3 |       ||     3
       Short sword       |       |    20 ||    20
       Dagger            |       |    20 ||    20
 Cast: Pain              |    45 |    84 ||   129
       Animate Skeleton  |       |     6 ||     6
       Vampiric Draining |       |     5 ||     5
 Stab: Sleeping          |       |     2 ||     2
       Distracted        |       |     1 ||     1
Armor: Robe              |     1 |    15 ||    16
Dodge: Dodged            |    16 |    35 ||    51

Table legend:
 A = Non-vault XP
 B = Vault XP
 C = Vault XP percentage of total XP
 D = Non-vault monster count
 E = Vault monster count
 F = Vault count percentage of total count
                 A         B        C        D         E       F
            +---------+---------+-------+---------+---------+-------
      Total |     302 |     120 |  28.4 |      61 |      20 |  24.7
            +---------+---------+-------+---------+---------+-------
        D:1 |      41 |       0 |   0.0 |      23 |       0 |   0.0
        D:2 |     173 |     112 |  39.3 |      17 |      16 |  48.5
        D:3 |      88 |       8 |   8.3 |      21 |       4 |  16.0
            +---------+---------+-------+---------+---------+-------
